 Dungeon Crawl Stone Soup version 0.21-a0-591-g2314aa1 (webtiles) character file.

250 Amnesiac the Conjurer (level 5, -2/30 HPs)
             Began as a Deep Elf Ice Elementalist on Dec 22, 2017.
             Slain by Sigmund
             ... wielding a +0 scythe
              (12 damage)
             ... on level 3 of the Dungeon.
             The game lasted 00:04:19 (2642 turns).

Amnesiac the Conjurer (Deep Elf Ice Elementalist)   Turns: 2642, Time: 00:04:21

Health: -2/30      AC:  8    Str:  5    XL:     5   Next: 88%
Magic:  5/12       EV: 13    Int: 21    God:
Gold:   162        SH:  0    Dex: 15    Spells: 1/11 levels left

rFire    . . .     SeeInvis .   (no weapon)
rCold    . . .     Gourm    .   (no shield)
rNeg     . . .     Faith    .   a - +0 robe
rPois    .         Spirit   .   (no helmet)
rElec    .         Reflect  .   (no cloak)
rCorr    .         Harm     .   (no gloves)
MR       .....                  (no boots)
Stlth    ++........             (no amulet)
HPRegen  0.10/turn              (no ring)
MPRegen  0.13/turn              (no ring)

@: icy armour, slow
A: no striking features
a: no special abilities


You were on level 3 of the Dungeon.
You were not hungry.

You visited 1 branch of the dungeon, and saw 3 of its levels.

You collected 162 gold pieces.

Inventory:

Missiles
 i - 12 poisoned needles
Armour
 a - a +0 robe (worn)
 o - a +0 helmet
Scrolls
 d - 2 scrolls of teleportation {!r, unknown}
 e - 2 scrolls of immolation {!r, unknown}
 g - 4 scrolls of remove curse {!r, unknown}
 h - a scroll of magic mapping {!r, unknown}
 k - 3 scrolls of identify {!r, unknown}
 n - a scroll of enchant armour {!r, unknown}
 p - a scroll of fog {!r, unknown}
 r - a scroll of blinking {!r, unknown}
Potions
 l - a potion of might {!q, unknown}
 m - a potion of brilliance {!q, unknown}
 q - a potion of haste {!q, unknown}
Books
 b - a book of Frost

   Spells                             Type                      Level
   a - Freeze                         Ice                          1
   b - Throw Frost                    Conjuration/Ice              2
   c - Ozocubu's Armour               Charms/Ice                   3
   d - Throw Icicle                   Conjuration/Ice              4
   e - Summon Ice Beast               Ice/Summoning                4
 j - a book of Misfortune

   Spells                             Type                      Level
   a - Confusing Touch                Hexes                        1
   b - Confuse                        Hexes                        3
   c - Gell's Gravitas                Translocation                3
   d - Petrify                        Transmutation/Earth          4
   e - Metabolic Englaciation         Hexes/Ice                    5
   f - Yara's Violent Unravelling     Hexes/Transmutation          5
Comestibles
 c - 7 rations
 f - 9 chunks of flesh


   Skills:
 + Level 2.0 Fighting
 - Level 2.4 Dodging
 - Level 2.4 Stealth
 + Level 3.5 Spellcasting
 * Level 4.5 Conjurations
 * Level 4.4 Ice Magic


You had one spell level left.
You knew the following spells:

 Your Spells              Type           Power        Failure   Level  Hunger
a - Freeze                Ice            ###.         1%          1    None
b - Throw Icicle          Conj/Ice       ###.....     19%         4    ####...
c - Ozocubu's Armour      Chrm/Ice       ##......     16%         3    ###....
d - Throw Frost           Conj/Ice       ###...       3%          2    ##.....


Dungeon Overview and Level Annotations

Branches:
Dungeon (3/15)

Altars:

Annotations:
D:3 Sigmund


Message History

Things that are here:
6 gold pieces; a goblin corpse You butcher the goblin corpse.
Things that are here:
6 gold pieces; 2 chunks of flesh
f - 9 chunks of flesh (gained 2)
You now have 162 gold pieces (gained 6).
Sigmund shouts!
You hear a shout!
An orc comes into view.
Sigmund giggles. "Time to reap what you sow."
A hobgoblin comes into view.
Sigmund hits you with a scythe!
Casting: Freeze
Confirm with . or Enter, or press ? or * to list all spells.
Aiming: Freeze
Press: ? - help, Shift-Dir - straight line, f - Sigmund
Aim: Sigmund, wielding a scythe and wearing a robe You freeze Sigmund.
Sigmund is lightly wounded.
The hobgoblin shouts!
Sigmund points at you and mumbles some strange words.
The magic dart hits you!
* * * LOW HITPOINT WARNING * * *
The orc hits you.
* * * LOW HITPOINT WARNING * * *
Casting: Freeze
Confirm with . or Enter, or press ? or * to list all spells.
Aiming: Freeze
Press: ? - help, Shift-Dir - straight line, f/p - Sigmund
Aim: Sigmund, wielding a scythe and wearing a robe (lightly wounded)
You freeze Sigmund.
Sigmund is moderately wounded.
Sigmund misses you. The orc closely misses you.
Casting: Freeze
Confirm with . or Enter, or press ? or * to list all spells.
Aiming: Throw Icicle
Press: ? - help, Shift-Dir - straight line, f/p - Sigmund
Aim: Sigmund, wielding a scythe and wearing a robe (moderately wounded)
Okay, then.
Casting: Throw Icicle
Confirm with . or Enter, or press ? or * to list all spells.
Okay, then.
Casting: Throw Icicle
Confirm with . or Enter, or press ? or * to list all spells.
A film of ice covers your body! The orc closely misses you.
Casting: Ozocubu's Armour
Confirm with . or Enter, or press ? or * to list all spells.
Aiming: Freeze
Press: ? - help, Shift-Dir - straight line, f/p - Sigmund
Aim: Sigmund, wielding a scythe and wearing a robe (moderately wounded)
You freeze Sigmund.
Sigmund is severely wounded.
Sigmund drinks a potion.
Sigmund is healed!
The orc hits you but does no damage.
Casting: Freeze
Confirm with . or Enter, or press ? or * to list all spells.
Aiming: Freeze
Press: ? - help, Shift-Dir - straight line, f/p - Sigmund
Aim: Sigmund, wielding a scythe and wearing a robe (moderately wounded)
You freeze Sigmund.
Sigmund is heavily wounded.
Sigmund whispers, "You'll know eternity soon."
Sigmund hits you with a scythe!
You die...

### ..# .# .# .# #.###.#
###.###.# #..##.#
#....... ##.##.# #.....#
##..#.# #.....# ..#.#.#
#.g...# #.#...# #@....#
......##########@....###
...............o........
((.............#.....###
.####.#.####.#.#.....#
.# #.#.# # #.#....>####
[# #.#.# ..###......#
รท####...# .. #......#
.)..##..# ... #......#
...(##..# ... #......#


You could see Sigmund, an orc and a hobgoblin.

Vanquished Creatures
  Natasha (thrice) (D:3)
  Robin (D:3)
  5 adders
  2 oozes
  5 worms
  3 dart slugs
  2 leopard geckos
  4 orcs (D:3)
  7 bats
  3 giant cockroaches
  19 goblins
  10 hobgoblins
  6 jackals
  3 frilled lizards
  A jackal skeleton (D:3)
  6 kobolds
  4 rats
84 creatures vanquished.

Notes
Turn   | Place    | Note
-------+----------+-------------------------------------------
     0 | D:1      | Amnesiac the Deep Elf Ice Elementalist began the quest for the Orb.
     0 | D:1      | Reached XP level 1. HP: 10/10 MP: 6/6
   122 | D:1      | Reached XP level 2. HP: 14/15 MP: 5/8
   126 | D:1      | Learned a level 2 spell: Throw Frost
   290 | D:1      | Reached XP level 3. HP: 13/20 MP: 4/9
   295 | D:1      | Learned a level 3 spell: Ozocubu's Armour
   729 | D:2      | Reached skill level 1 in Fighting
  1046 | D:2      | Reached XP level 4. HP: 22/25 MP: 4/10
  1754 | D:3      | Noticed Natasha
  2040 | D:3      | Killed Natasha
  2040 | D:3      | Reached XP level 5. HP: 30/30 MP: 7/11
  2081 | D:3      | Noticed Natasha
  2085 | D:3      | Killed Natasha
  2191 | D:3      | Noticed Robin
  2196 | D:3      | Noticed Natasha
  2197 | D:3      | Killed Robin
  2308 | D:3      | Killed Natasha
  2563 | D:3      | Learned a level 4 spell: Throw Icicle
  2631 | D:3      | Noticed Sigmund
  2642 | D:3      | Slain by Sigmund

Vault maps used:
D:1:      nzn_arrival_depleted_hourglass
D:3:      first_ration, uniq_sigmund, uniq_robin, uniq_natasha

Skill      XL: |  1  2  3  4  5 |
---------------+----------------+-----
Ice Magic      | 4 |  4.4
Conjurations   | 2 3 4 |  4.5
Fighting       | 1 2 |  2.0
Dodging        | |  2.4
Stealth        | |  2.4
Spellcasting   | |  3.5

Action                   |  1- 3 |  4- 6 || total
-------------------------+-------+-------++-------
Melee: Unarmed           |     8 |    16 ||    24
 Cast: Freeze            |    63 |    78 ||   141
       Throw Frost       |       |     9 ||     9
       Ozocubu's Armour  |       |     1 ||     1
 Stab: Sleeping          |     1 |       ||     1
  Eat: Chunk             |       |     2 ||     2
       Ration            |       |     1 ||     1
Armor: Robe              |     6 |    20 ||    26
Dodge: Dodged            |    39 |    78 ||   117

Table legend:
 A = Spawn XP
 B = Non-spawn XP
 C = Spawn XP percentage of total XP
 D = Spawn monster count
 E = Non-spawn monster count
 F = Spawn count percentage of total count
 G = Total turns spent on level
                    A         B        C        D         E        F      G
               +---------+---------+-------+---------+---------+-------+---------
         Total |       0 |     358 |   0.0 |       0 |      84 |   0.0 |  2642
               +---------+---------+-------+---------+---------+-------+---------
           D:1 |       0 |      47 |   0.0 |       0 |      21 |   0.0 |   707
           D:2 |       0 |     105 |   0.0 |       0 |      31 |   0.0 |  1369
           D:3 |       0 |     206 |   0.0 |       0 |      32 |   0.0 |   566
               +---------+---------+-------+---------+---------+-------+---------
